[Event "Titled Tuesday Blitz August 17 2021"]
[White "gurelediz"]
[Black "Garcia Garcia, Alejandro"]
[BlackFideId "3516334"]
[WhiteElo "2694"]
[BlackElo "2131"]
[Result "0-1"]
[Round "06"]
[TimeControl "180+1"]
[Date "2021.08.17"]
[WhiteClock "0:00:02"]
[BlackClock "0:00:40"]

1. e4 c5 2. Nc3 e6 3. g3 d5 4. Bg2 Nf6 5. exd5 exd5 6. Nge2 d4 7. Ne4 Nxe4 8. Bxe4 g6 9. O-O Bg7 10. d3 O-O 11. Nf4 Nc6 12. h4 Re8 13. h5 Qd6 14. Qf3 Ne5 15. Qg2 Rb8 16. Bd2 b5 17. Rae1 c4 18. Nd5 Be6 19. h6 Bh8 20. Bf4 f5 21. Bxe5 Bxe5 22. Bf3 Rbd8 23. Nf4 Bxf4 24. gxf4 Qxf4 25. dxc4 Bxc4 26. Rxe8+ Rxe8 27. Rd1 Rd8 28. b3 Bf7 29. Bc6 a6 30. Qg3 Qxh6 31. Bg2 Qf8 32. Qc7 Qd6 33. Qa7 Rd7 34. Qa8+ Kg7 35. Rd3 Rc7 36. Rd2 Qf4 37. Re2 Qc1+ 38. Bf1 Rxc2 39. Re7 Qg5+ 0-1


[Site "https://www.chess.com"]

[Event "Titled Tuesday Blitz August 17 2021"]
[White "mmaks007"]
[Black "Lauridsen, Jesper Morch"]
[BlackFideId "1401890"]
[WhiteElo "2199"]
[BlackElo "2318"]
[Result "0-1"]
[Round "06"]
[TimeControl "180+1"]
[Date "2021.08.18"]
[WhiteClock "0:00:05"]
[BlackClock "0:00:03"]

1. e4 c5 2. Nf3 d6 3. d4 cxd4 4. Nxd4 Nf6 5. Nc3 a6 6. Bg5 e6 7. f4 Qc7 8. Qf3 b5 9. a3 Bb7 10. O-O-O Nbd7 11. Qe2 Be7 12. g4 Rc8 13. Bg2 Nb6 14. h4 Qc4 15. Qxc4 Nxc4 16. Bxf6 Bxf6 17. Rh3 O-O 18. g5 Bxd4 19. Rxd4 e5 20. fxe5 dxe5 21. Rd7 Bc6 22. Rd1 a5 23. Nd5 Rfe8 24. h5 Bxd5 25. Rxd5 b4 26. Bf1 bxa3 27. Bxc4 axb2+ 28. Kxb2 Rxc4 29. Rxa5 Rxe4 30. h6 Rg4 31. Rha3 Rb4+ 32. Ka2 Reb8 33. R3a4 Rb2+ 34. Ka3 Rxc2 35. Rxe5 Rc3+ 36. Ka2 Rc6 37. hxg7 Kxg7 38. Ra3 Rd8 39. Rf3 Rd2+ 40. Kb3 Rd4 41. Ref5 Rc7 42. Kb2 Rb4+ 43. Ka3 Rb6 44. Ra5 Kg6 45. Rh3 Rcc6 46. Rh6+ Kg7 47. Rh3 Ra6 48. Rxa6 Rxa6+ 49. Kb4 Rg6 50. Rg3 f6 51. gxf6+ Kxf6 52. Rh3 Kg7 53. Kc4 Rd6 54. Kc5 Rd2 55. Rg3+ Kf6 56. Rf3+ Kg6 57. Rg3+ Kf5 58. Rf3+ Kg4 59. Ra3 h5 60. Ra4+ Kg5 61. Ra8 h4 62. Rg8+ Kf4 63. Kc4 h3 64. Kc3 Rd7 65. Rh8 Kg3 66. Rg8+ Kh2 67. Rh8 Kg2 68. Rg8+ Kh1 69. Rh8 h2 70. Kc2 Rg7 71. Rh7 Rxh7 0-1


[Site "https://www.chess.com"]

[Event "Titled Tuesday Blitz August 17 2021"]
[White "sganerdene"]
[Black "Avramidou, Anastasia"]
[BlackFideId "4239873"]
[WhiteElo "2645"]
[BlackElo "2183"]
[Result "1/2-1/2"]
[Round "06"]
[TimeControl "180+1"]
[Date "2021.08.17"]
[WhiteClock "0:00:10"]
[BlackClock "0:00:07"]

1. e4 e6 2. d4 d5 3. Nc3 Bb4 4. exd5 exd5 5. Bd3 Ne7 6. Nf3 Nbc6 7. O-O Bf5 8. Bxf5 Nxf5 9. Re1+ Nce7 10. Qd3 O-O 11. Bf4 c6 12. Re2 Bd6 13. Bxd6 Nxd6 14. Ne5 Ng6 15. g3 Re8 16. Rae1 Nxe5 17. dxe5 Nc4 18. b3 Nb6 19. f4 d4 20. Ne4 Qd5 21. Nd6 Re7 22. Rd1 c5 23. c3 Rd8 24. cxd4 cxd4 25. Red2 Nc8 26. Nxc8 Rxc8 27. Qxd4 Qxd4+ 28. Rxd4 g5 29. Rd8+ Rxd8 30. Rxd8+ Kg7 31. Kg2 gxf4 32. gxf4 f6 33. exf6+ Kxf6 34. Kf3 Rc7 35. Rd6+ Kg7 36. Rd2 Kf6 37. h4 b6 38. h5 Rc5 39. Kg4 Rc7 40. Rd6+ Kg7 41. h6+ Kf7 42. Kg5 Ke7 43. Rd2 Kf7 44. f5 a5 45. Rd6 Rb7 46. f6 b5 47. Ra6 a4 48. b4 Rd7 49. Kf5 Rd5+ 50. Ke4 Rh5 51. Ra7+ Kxf6 52. Rxh7 Rh4+ 53. Kd5 Rxb4 54. Rb7 Rh4 55. Rxb5 a3 56. Rb6+ Kf5 57. Ra6 Rh2 58. Rxa3 Rxh6 59. Ra5 Rb6 60. a4 Kf6 61. Ra7 Rb1 62. a5 Rd1+ 63. Kc5 Ke6 64. Rh7 Rc1+ 65. Kb5 Rb1+ 66. Kc6 Rc1+ 67. Kb6 Rb1+ 68. Ka7 Kd6 69. Rb7 Ra1 70. Rb5 Kc6 71. Rh5 Kc7 72. Rc5+ Kd6 73. Kb6 Rb1+ 74. Rb5 Rxb5+ 75. Kxb5 Kc7 76. a6 Kb8 77. Kb6 Ka8 78. a7 1/2-1/2


[Site "https://www.chess.com"]

[Event "Titled Tuesday Blitz August 17 2021"]
[White "Abdurakhmonov, Mukhammadali"]
[Black "Primbetov, Kazbek"]
[WhiteFideId "14207346"]
[BlackFideId "13702297"]
[WhiteElo "2266"]
[BlackElo "2184"]
[Result "1-0"]
[Round "07"]
[TimeControl "180+1"]
[Date "2021.08.17"]
[WhiteClock "0:00:58"]
[BlackClock "0:00:30"]

1. e4 e6 2. Qe2 e5 3. f4 exf4 4. d4 g5 5. h4 Bg7 6. c3 h6 7. hxg5 hxg5 8. Rxh8 Bxh8 9. Qh5 Bf6 10. e5 Bg7 11. Nf3 d5 12. Nxg5 Qe7 13. Bxf4 Bf5 14. Nd2 Nc6 15. O-O-O Bg6 16. Qf3 O-O-O 17. Bd3 Bxd3 18. Qxd3 f6 19. Qf5+ Kb8 20. Ne6 Re8 21. Nxc7 fxe5 22. Nxe8 Qxe8 23. dxe5 Nge7 24. e6+ Kc8 25. Qf7 Qxf7 26. exf7 Nd8 27. Bg5 Kd7 28. Re1 Bf8 29. Nf3 Nxf7 30. Bxe7 Bxe7 31. Ne5+ Nxe5 32. Rxe5 1-0


[Site "https://www.chess.com"]

[Event "Titled Tuesday Blitz August 17 2021"]
[White "Agibileg, Uurtsaikh"]
[Black "Molina, Roberto Junio Brito"]
[WhiteFideId "4901606"]
[BlackFideId "2109450"]
[WhiteElo "2150"]
[BlackElo "2402"]
[Result "1-0"]
[Round "07"]
[TimeControl "180+1"]
[Date "2021.08.17"]
[WhiteClock "0:00:59"]
[BlackClock "0:00:26"]

1. d4 d5 2. c4 c6 3. Nf3 Nf6 4. Nc3 dxc4 5. a4 Bf5 6. Ne5 Nbd7 7. Nxc4 Nb6 8. Ne5 a5 9. e3 Nfd7 10. Bd3 Bxd3 11. Nxd3 e6 12. O-O Be7 13. e4 O-O 14. b3 Rc8 15. Be3 c5 16. Nb5 c4 17. bxc4 Nxc4 18. Bf4 Ndb6 19. Qg4 Re8 20. Rfd1 Nd6 21. Be5 g6 22. Nc5 Nbc4 23. Qh3 b6 24. Nxd6 Nxd6 25. Rac1 Rc6 26. Rc3 Qc8 27. Qxh7+ 1-0


[Site "https://www.chess.com"]

[Event "Titled Tuesday Blitz August 17 2021"]
[White "Alavkin, Arseny"]
[Black "Sahil, Tickoo"]
[WhiteFideId "4120612"]
[BlackFideId "5019710"]
[WhiteElo "2391"]
[BlackElo "2099"]
[Result "1-0"]
[Round "07"]
[TimeControl "180+1"]
[Date "2021.08.18"]
[WhiteClock "0:00:10"]
[BlackClock "0:00:04"]

1. d4 d5 2. c4 e6 3. Nc3 Nf6 4. Bg5 Be7 5. cxd5 Nxd5 6. Bxe7 Qxe7 7. e4 Nxc3 8. bxc3 O-O 9. Nf3 c5 10. Bd3 b6 11. O-O Bb7 12. Re1 Nd7 13. Qd2 cxd4 14. cxd4 Rfd8 15. Rad1 Rac8 16. Qf4 Qf6 17. Qg3 Qg6 18. Qh3 e5 19. d5 f6 20. Nh4 Qf7 21. Nf5 Nc5 22. Qg3 Kh8 23. Bb1 Ba6 24. d6 Ne6 25. Ne7 Ra8 26. Nc6 Rd7 27. Bc2 Bb5 28. Ne7 Nd4 29. Bb3 Nxb3 30. axb3 Rad8 31. Nf5 g6 32. Nh6 Qe6 33. Ra1 a6 34. h4 Rxd6 35. h5 Kg7 36. Nf5+ Kf7 37. Nxd6+ Qxd6 38. Rac1 Rd7 39. Rc3 Qe6 40. Rec1 Kg7 41. Qh4 g5 42. h6+ Kg6 43. Qh2 a5 44. Rc8 Rd1+ 45. Rxd1 Qxc8 46. Qg3 Qe6 47. Rd8 Kxh6 48. Qc3 Kg6 49. Qc7 Bc6 50. Rd6 Qxb3 51. Qxc6 Qb1+ 52. Kh2 Qe1 53. Rxf6+ Kh5 54. Rh6+ Kg4 55. Qe6+ Kf4 56. Qf5# 1-0


[Site "https://www.chess.com"]

[Event "Titled Tuesday Blitz August 17 2021"]
[White "Aldokhin, Ivan"]
[Black "Idrisov, Ildar F"]
[WhiteFideId "24115720"]
[BlackFideId "4151020"]
[WhiteElo "2306"]
[BlackElo "2209"]
[Result "1-0"]
[Round "07"]
[TimeControl "180+1"]
[Date "2021.08.17"]
[WhiteClock "0:00:16"]
[BlackClock "0:00:40"]

1. e4 d5 2. exd5 Qxd5 3. Nc3 Qd6 4. Bc4 a6 5. Nge2 Nf6 6. d4 Bg4 7. Bf4 Qxf4 8. Nxf4 Bxd1 9. Rxd1 e6 10. d5 Bd6 11. Nce2 e5 12. Nd3 Nbd7 13. Ng3 g6 14. O-O O-O 15. f3 Nc5 16. Nxc5 Bxc5+ 17. Kh1 Rae8 18. Rfe1 Kg7 19. Re2 Bd6 20. a4 Nd7 21. c3 f5 22. a5 Re7 23. Bb3 Rfe8 24. Ba4 Rd8 25. Bxd7 Rexd7 26. b4 Re7 27. Kg1 Rde8 28. Kf2 e4 29. fxe4 Bxg3+ 30. hxg3 Rxe4 31. Rxe4 Rxe4 32. d6 cxd6 33. Rxd6 Rc4 34. Rd7+ Kh6 35. Rxb7 Rxc3 36. Rb6 Rb3 37. Ke2 Kg5 38. Kd2 Kg4 39. Kc2 Ra3 40. Rxa6 Kxg3 41. b5 Ra4 42. b6 Rb4 43. Ra7 Kxg2 44. b7 f4 45. a6 f3 46. Ra8 f2 47. Rf8 f1=Q 48. Rxf1 Kxf1 49. a7 Rxb7 50. a8=Q Rc7+ 51. Kd2 Kf2 52. Qf8+ Kg2 53. Qa8+ Kh3 54. Qf3+ 1-0


[Site "https://www.chess.com"]

[Event "Titled Tuesday Blitz August 17 2021"]
[White "Alekseenko, Kirill"]
[Black "Bacrot, Etienne"]
[WhiteFideId "4135539"]
[BlackFideId "605506"]
[WhiteElo "2580"]
[BlackElo "2673"]
[Result "0-1"]
[Round "07"]
[TimeControl "180+1"]
[Date "2021.08.17"]
[WhiteClock "0:00:23"]
[BlackClock "0:00:36"]

1. d4 Nf6 2. Nc3 d5 3. Bf4 a6 4. e3 b5 5. h4 e6 6. h5 h6 7. Nf3 Bd6 8. Ne5 Bb7 9. g4 Nfd7 10. Bg2 Bxe5 11. Bxe5 Nxe5 12. dxe5 c5 13. f4 Nc6 14. O-O Qh4 15. Qf3 Rd8 16. Ne2 Rd7 17. Qg3 Qxg3 18. Nxg3 Nb4 19. Rfc1 Ke7 20. a3 Nc6 21. Kf2 Na5 22. Ne2 Nc4 23. b3 Nb6 24. b4 Rc8 25. c3 Rdc7 26. Ke1 Nc4 27. Kf2 Nb2 28. Rcb1 Na4 29. Rc1 Nb2 30. Rc2 Nd3+ 31. Kg3 cxb4 32. axb4 Nxb4 33. Rd2 Nc6 34. Rb2 Nb8 35. Kh4 Nd7 36. g5 Nb6 37. Nd4 hxg5+ 38. Kxg5 Rxc3 39. f5 Rxe3 40. f6+ gxf6+ 41. exf6+ Kd6 42. h6 Rg8+ 43. Kh5 Re5+ 44. Kh4 Rh8 45. Nxb5+ axb5 46. Rxb5 Rxh6+ 47. Kg4 Rg6+ 48. Kf3 Rf5+ 49. Ke3 Nc4+ 50. Kd4 Rf4+ 51. Kc3 Bc6 0-1


[Site "https://www.chess.com"]

[Event "Titled Tuesday Blitz August 17 2021"]
[White "AlexOstrovskiy"]
[Black "Zakaryan_David"]
[WhiteElo "2845"]
[BlackElo "2585"]
[Result "1-0"]
[Round "07"]
[TimeControl "180+1"]
[Date "2021.08.17"]
[WhiteClock "0:01:31"]
[BlackClock "0:01:06"]

1. d4 Nf6 2. Bf4 d5 3. e3 c5 4. c3 Nc6 5. Nd2 cxd4 6. exd4 Bf5 7. Ngf3 e6 8. Qb3 Qc8 9. Nh4 Be4 10. Nxe4 dxe4 11. g3 h6 12. Ng2 Nd5 13. Bd2 Bd6 14. Be2 O-O 15. O-O a6 16. f3 exf3 17. Bxf3 Na5 18. Qc2 Nc4 19. Rae1 Nxd2 20. Qxd2 b5 21. Bxd5 exd5 22. Ne3 Qc6 23. Qg2 b4 24. Nxd5 Rac8 25. Re3 bxc3 26. bxc3 Qc4 27. Nb6 Qb5 28. Nxc8 Rxc8 29. Qe2 Qc6 30. Ref3 f6 31. Qe6+ Kh8 32. Re3 Qc7 33. c4 Qxc4 34. Qxd6 1-0


[Site "https://www.chess.com"]

[Event "Titled Tuesday Blitz August 17 2021"]
[White "Avramidou, Anastasia"]
[Black "Shimelkov, Vasiliy"]
[WhiteFideId "4239873"]
[BlackFideId "13701630"]
[WhiteElo "2183"]
[BlackElo "2073"]
[Result "0-1"]
[Round "07"]
[TimeControl "180+1"]
[Date "2021.08.17"]
[WhiteClock "0:00:05"]
[BlackClock "0:00:18"]

1. c4 c5 2. Nc3 Nc6 3. Nf3 Nf6 4. e3 g6 5. d4 cxd4 6. exd4 d5 7. cxd5 Nxd5 8. Bc4 Nb6 9. Bb3 Bg7 10. Be3 O-O 11. h3 Na5 12. O-O Nxb3 13. Qxb3 Be6 14. Qc2 Nc4 15. Bf4 Rc8 16. Rad1 a6 17. Rfe1 b5 18. Qe2 Re8 19. d5 Bf5 20. Ne5 Nxe5 21. Bxe5 Bxe5 22. Qxe5 b4 23. Ne2 Qd6 24. Nd4 Qxe5 25. Rxe5 Bd7 26. Rde1 Kf8 27. b3 a5 28. h4 f6 29. Ne6+ Bxe6 30. Rxe6 Rcd8 31. Rd1 Rd6 32. Rxd6 exd6 33. Rd2 Re5 34. g3 g5 35. hxg5 fxg5 36. Kg2 Kf7 37. f4 gxf4 38. gxf4 Re3 39. Kf2 Rh3 40. Kg2 Rc3 41. Kf2 Kf6 42. Re2 Kf5 43. Re6 Kxf4 44. Rxd6 Rc2+ 45. Ke1 Ke3 46. Kd1 Rxa2 47. Kc1 Kd3 48. Rd8 Rh2 49. d6 Kc3 50. Kd1 Rh6 51. d7 Rd6+ 52. Ke2 Kxb3 53. Ke3 a4 54. Ke4 a3 55. Ke5 Rd1 56. Ke6 a2 57. Ra8 Kb2 58. Ke7 Rxd7+ 59. Kxd7 a1=Q 0-1


[Site "https://www.chess.com"]

[Event "Titled Tuesday Blitz August 17 2021"]
[White "Awatramani, Janak"]
[Black "Nakamura, Hikaru"]
[WhiteFideId "2608359"]
[BlackFideId "2016192"]
[WhiteElo "2930"]
[BlackElo "2900"]
[Result "0-1"]
[Round "07"]
[TimeControl "180+1"]
[Date "2021.08.17"]
[WhiteClock "0:00:01"]
[BlackClock "0:00:59"]

1. b3 e5 2. Bb2 Nc6 3. e3 Nf6 4. Nf3 e4 5. Nd4 d5 6. Nxc6 bxc6 7. d3 Bd6 8. Nd2 exd3 9. Bxd3 O-O 10. h3 Re8 11. O-O Qe7 12. c4 Ne4 13. Nf3 Qe6 14. cxd5 cxd5 15. Nd4 Qh6 16. Bxe4 dxe4 17. Ne2 Bxh3 18. Ng3 Bxg3 19. fxg3 Qxe3+ 20. Kh2 Be6 21. Qh5 f6 22. Rae1 Qd2 23. Re2 Qd5 24. Qh4 Bf7 25. g4 e3 26. Rf5 Qd6+ 27. g3 Bg6 28. Rf3 Qd3 0-1


[Site "https://www.chess.com"]

[Event "Titled Tuesday Blitz August 17 2021"]
[White "Baches Garcia, Guillermo"]
[Black "Tsaruk, Maksim"]
[WhiteFideId "2209764"]
[BlackFideId "13511173"]
[WhiteElo "2473"]
[BlackElo "2184"]
[Result "1-0"]
[Round "07"]
[TimeControl "180+1"]
[Date "2021.08.17"]
[WhiteClock "0:00:30"]
[BlackClock "0:00:10"]

1. e4 c6 2. Nc3 d5 3. Nf3 Bg4 4. h3 Bxf3 5. Qxf3 e6 6. d4 dxe4 7. Qxe4 Nf6 8. Qd3 Be7 9. g3 O-O 10. Bg2 Na6 11. a3 Nc7 12. O-O Nfd5 13. Bd2 Bg5 14. f4 Ne7 15. fxg5 Nf5 16. Ne2 Qd7 17. Be4 g6 18. Bxf5 exf5 19. Bf4 Ne6 20. Rad1 Rad8 21. Qf3 f6 22. gxf6 Rxf6 23. Be5 Rf7 24. Nf4 Ng5 25. Qg2 Ne4 26. Nd3 Re7 27. c3 c5 28. Rfe1 c4 29. Nf2 Nxf2 30. Qxf2 Rde8 31. Bf4 Re4 32. Rxe4 fxe4 33. Kg2 Qd5 34. Qe3 Re6 35. Rf1 h5 36. h4 Kf7 37. Kh2 Ke8 38. Rf2 Kd7 39. Be5 Kc6 40. Rf4 Kb5 41. Qxe4 Qd7 42. d5 1-0


[Site "https://www.chess.com"]

[Event "Titled Tuesday Blitz August 17 2021"]
[White "Bodnar, Nikolay"]
[Black "Skliarov, Viktor"]
[WhiteFideId "14106469"]
[BlackFideId "14106736"]
[WhiteElo "2296"]
[BlackElo "2281"]
[Result "1-0"]
[Round "07"]
[TimeControl "180+1"]
[Date "2021.08.17"]
[WhiteClock "0:00:47"]
[BlackClock "0:00:05"]

1. e4 c5 2. Nf3 Nc6 3. Bb5 e6 4. O-O Nge7 5. d4 cxd4 6. Nxd4 Qb6 7. Bxc6 Nxc6 8. Nb3 a6 9. c4 d6 10. Nc3 Be7 11. Re1 O-O 12. Be3 Qc7 13. Rc1 Ne5 14. Na4 Bd7 15. Nb6 Rad8 16. f4 Ng6 17. g3 Qb8 18. Nxd7 Rxd7 19. f5 Ne5 20. Nd4 exf5 21. Nxf5 Bf6 22. Rf1 b5 23. Nh6+ Kh8 24. Rxf6 gxf6 25. Qf1 Qd8 26. cxb5 axb5 27. Rc8 Qe7 28. Nf5 Rxc8 29. Nxe7 Ng4 30. Bd4 Rxe7 31. Bxf6+ Kg8 32. Bxe7 Rc2 33. Qxb5 Ne3 34. Qe8+ 1-0


[Site "https://www.chess.com"]

[Event "Titled Tuesday Blitz August 17 2021"]
[White "Bologan, Victor"]
[Black "Nozdrachev, Leonid"]
[WhiteFideId "13900048"]
[BlackFideId "24113433"]
[WhiteElo "2511"]
[BlackElo "2240"]
[Result "0-1"]
[Round "07"]
[TimeControl "180+1"]
[Date "2021.08.17"]
[WhiteClock "0:00:02"]
[BlackClock "0:00:02"]

1. e4 d6 2. d4 Nf6 3. Bd3 e5 4. c3 g6 5. Nf3 Nc6 6. O-O Bg7 7. Be3 O-O 8. Nbd2 Re8 9. Re1 Bg4 10. h3 exd4 11. cxd4 Bxf3 12. Qxf3 Nb4 13. Bb1 c5 14. dxc5 dxc5 15. Rd1 Nd7 16. Nc4 Qc7 17. a3 Nc6 18. Ba2 Nd4 19. Bxd4 Bxd4 20. Rac1 Re7 21. b4 b6 22. bxc5 bxc5 23. Ne3 Qe5 24. Ng4 Qxe4 25. Qxe4 Rxe4 26. Bd5 Rae8 27. Bxe4 Rxe4 28. Re1 Rf4 29. g3 Rf3 30. Re7 h5 31. Nh6+ Kg7 32. Rxd7 Kxh6 33. Rxa7 Rxf2 34. Kh1 Rb2 35. Rxf7 Rb3 36. Kg2 Rxa3 37. Rc2 Rd3 38. Rf3 Rd1 39. h4 Rg1+ 40. Kh2 Ra1 41. Re2 Ra6 42. Re7 Rc6 43. Rff7 g5 44. Rc7 Rxc7 45. Rxc7 gxh4 46. gxh4 Kg6 47. Kh3 Kf5 48. Rh7 Kg6 49. Rd7 Kh6 50. Rd5 Kg6 51. Rg5+ Kh6 52. Rd5 Kg6 53. Kg3 Kh6 54. Kf4 Kg6 55. Rd6+ Kg7 56. Kg5 Bf2 57. Rc6 Kf7 58. Kxh5 Ke7 59. Kg5 Kd7 60. Rf6 Bd4 61. Rf5 Kd6 62. h5 c4 63. Kf4 c3 64. Ke4 c2 65. Kf4 Bb2 0-1


[Site "https://www.chess.com"]

[Event "Titled Tuesday Blitz August 17 2021"]
[White "Bortnyk, Olexandr"]
[Black "Levitskiy, Andrey"]
[WhiteFideId "14120828"]
[BlackFideId "14132885"]
[WhiteElo "2723"]
[BlackElo "2340"]
[Result "1-0"]
[Round "07"]
[TimeControl "180+1"]
[Date "2021.08.17"]
[WhiteClock "0:00:02"]
[BlackClock "0:00:01"]

1. d4 Nf6 2. Nc3 d5 3. Bf4 c5 4. e3 cxd4 5. exd4 a6 6. Nf3 Nc6 7. Ne5 e6 8. Nxc6 bxc6 9. Na4 Bd6 10. Bxd6 Qxd6 11. c3 O-O 12. Be2 Nd7 13. O-O c5 14. f4 Rb8 15. Rf3 cxd4 16. Qxd4 Nf6 17. Rg3 Kh8 18. b4 Rg8 19. Nc5 a5 20. Bd3 axb4 21. cxb4 Qb6 22. a3 Nd7 23. Bxh7 Kxh7 24. Rh3+ Kg6 25. f5+ exf5 26. Qh4 Ne5 27. Re1 Ng4 28. Qh7+ Kf6 29. Qxg8 Be6 30. Qh7 Qd6 31. Qh4+ Kg6 32. Rg3 Qf4 33. Rf1 Qd4+ 34. Kh1 Ra8 35. h3 Qe5 36. Nxe6 fxe6 37. hxg4 f4 38. Rh3 Kf7 39. g5 Qf5 40. Rxf4 1-0


[Site "https://www.chess.com"]

[Event "Titled Tuesday Blitz August 17 2021"]
[White "Brunner, Nicolas"]
[Black "Gelman, Alexander"]
[WhiteFideId "620246"]
[BlackFideId "4118316"]
[WhiteElo "2372"]
[BlackElo "2375"]
[Result "1-0"]
[Round "07"]
[TimeControl "180+1"]
[Date "2021.08.17"]
[WhiteClock "0:01:00"]
[BlackClock "0:00:03"]

1. d4 Nf6 2. c4 c5 3. d5 b5 4. cxb5 a6 5. bxa6 e6 6. Nc3 exd5 7. Nxd5 Nxa6 8. Nf3 Nxd5 9. Qxd5 Nc7 10. Qd1 d5 11. g3 g6 12. Bg2 Bg7 13. O-O O-O 14. Qc2 Ne6 15. Rd1 Bb7 16. Bf4 d4 17. Be5 Bxf3 18. Bxg7 Bxg2 19. Bxf8 Bb7 20. Bxc5 Qd5 21. e4 Qe5 22. f4 Qxc5 23. Qxc5 Nxc5 24. Rxd4 Nxe4 25. a4 f5 26. a5 Ba6 27. Rc1 Rb8 28. b4 h5 29. Rc7 Nc3 30. Rxc3 1-0


[Site "https://www.chess.com"]

[Event "Titled Tuesday Blitz August 17 2021"]
[White "Chernov, Mikhail"]
[Black "Maiorov, Nikita"]
[WhiteFideId "24143170"]
[BlackFideId "13501720"]
[WhiteElo "2244"]
[BlackElo "2440"]
[Result "0-1"]
[Round "07"]
[TimeControl "180+1"]
[Date "2021.08.18"]
[WhiteClock "0:00:08"]
[BlackClock "0:00:12"]

1. e4 e5 2. Nc3 Nf6 3. Bc4 Bc5 4. d3 c6 5. Bg5 h6 6. Bh4 d6 7. Nge2 Nbd7 8. Qd2 b5 9. Bb3 a5 10. a4 b4 11. Nd1 Nxe4 12. Bxd8 Nxd2 13. Kxd2 Kxd8 14. Bxf7 Nf6 15. h3 d5 16. Bg6 Kc7 17. Ne3 Bd7 18. Nf5 Bxf5 19. Bxf5 Bxf2 20. c3 h5 21. cxb4 axb4 22. Rhc1 Kd6 23. Ng1 Bxg1 24. Rxg1 Rhe8 25. g4 hxg4 26. hxg4 e4 27. g5 e3+ 28. Ke2 Nh5 29. d4 g6 30. Bc2 Nf4+ 31. Kf3 Rf8 32. Kxe3 Rae8+ 33. Kd2 Re2+ 34. Kd1 Rf2 35. a5 Ng2 36. Bb3 Ne3+ 37. Kc1 Nf5 38. Rd1 Rf4 39. a6 Nxd4 40. Bc2 c5 41. a7 Ra8 42. Bxg6 Nb3+ 43. Kc2 Nxa1+ 44. Rxa1 Rf2+ 45. Kb3 c4+ 46. Kxb4 Rxb2+ 47. Kc3 Rb7 48. Bc2 Raxa7 49. Rg1 Kc5 50. g6 Rg7 51. Kd2 Rae7 52. Rg5 Kd4 53. Rg4+ Kc5 54. Rg5 Re6 55. Bf5 Re5 56. Kc3 Rxf5 57. Rxf5 Rxg6 58. Rf8 Rg3+ 59. Kd2 Kd4 60. Rf4+ Ke5 61. Rf8 d4 62. Rc8 Rg2+ 63. Kc1 c3 64. Re8+ Kd5 65. Rd8+ Kc4 66. Rc8+ Kd3 0-1


[Site "https://www.chess.com"]

[Event "Titled Tuesday Blitz August 17 2021"]
[White "Cunjalo, Faris"]
[Black "Kavyev, Ruslan"]
[WhiteFideId "14410710"]
[BlackFideId "34110981"]
[WhiteElo "2234"]
[BlackElo "2172"]
[Result "1-0"]
[Round "07"]
[TimeControl "180+1"]
[Date "2021.08.17"]
[WhiteClock "0:01:23"]
[BlackClock "0:01:26"]

1. c4 Nf6 2. Nc3 g6 3. e4 d6 4. d4 Bg7 5. Be2 O-O 6. Bg5 c5 7. d5 b5 8. cxb5 a6 9. a4 e6 10. dxe6 Bxe6 11. Nf3 axb5 12. Bxb5 Qb6 13. O-O h6 14. Bxf6 Bxf6 15. Nd5 Bxd5 16. Qxd5 Na6 17. Nd2 Nc7 18. Qb3 Nxb5 19. axb5 Rxa1 20. Rxa1 Rb8 21. Nc4 Qxb5 22. Qxb5 Rxb5 23. Ra8+ Kg7 24. Nxd6 Rb6 25. Ne8+ Kh7 26. Nxf6+ Rxf6 27. Rb8 Rd6 28. f3 Rd2 29. h4 h5 30. Kh2 Rc2 31. Rb7 c4 32. Rxf7+ Kh6 33. Rb7 Rc1 34. Kg3 Rb1 35. Rc7 Rxb2 36. Rxc4 Rb1 37. Rc5 Rb2 38. Rc7 Rb1 39. Rd7 Rb2 40. e5 Re2 41. Re7 Re1 42. Kf2 Rb1 43. Ke3 Rg1 44. e6 g5 45. Kf2 Rb1 46. Rf7 gxh4 47. e7 Rb8 48. Rf8 Rb2+ 49. Kg1 Re2 50. e8=Q Rxe8 51. Rxe8 1-0


[Site "https://www.chess.com"]

[Event "Titled Tuesday Blitz August 17 2021"]
[White "Dang, Hoang Son"]
[Black "Gedajlovic, Max"]
[WhiteFideId "12402435"]
[BlackFideId "2616840"]
[WhiteElo "2248"]
[BlackElo "2137"]
[Result "1-0"]
[Round "07"]
[TimeControl "180+1"]
[Date "2021.08.17"]
[WhiteClock "0:00:31"]
[BlackClock "0:00:19"]

1. d4 Nf6 2. g3 d5 3. Bg2 e6 4. Nf3 Be7 5. O-O O-O 6. c4 c6 7. Qc2 b6 8. cxd5 cxd5 9. Bf4 Ba6 10. Rc1 Nbd7 11. Bc7 Qe8 12. Nc3 Rc8 13. Qa4 Rxc7 14. Qxa6 Nb8 15. Qd3 Qc8 16. Nd2 a6 17. Nb3 Rd8 18. Na4 Nfd7 19. Rc3 Rc4 20. Rac1 b5 21. Nac5 Nxc5 22. dxc5 Bxc5 23. Na5 Nc6 24. Nxc4 dxc4 25. Qe4 Nd4 26. Bf1 Bb4 27. Rd3 f5 28. Qh4 Bc5 29. Rdd1 Qc7 30. Kh1 Rd7 31. e3 Nf3 32. Qh5 Rxd1 33. Rxd1 Ne5 34. Qe8+ Bf8 35. Qxe6+ Nf7 36. Rd7 1-0


[Site "https://www.chess.com"]

[Event "Titled Tuesday Blitz August 17 2021"]
[White "Demchenko, Anton"]
[Black "Shahaliyev, Ismayil"]
[WhiteFideId "4160258"]
[BlackFideId "13406388"]
[WhiteElo "2583"]
[BlackElo "2105"]
[Result "1-0"]
[Round "07"]
[TimeControl "180+1"]
[Date "2021.08.17"]
[WhiteClock "0:01:08"]
[BlackClock "0:01:12"]

1. e4 d6 2. d4 Nf6 3. Nc3 e5 4. Nf3 exd4 5. Nxd4 Be7 6. Bf4 O-O 7. Qd2 Re8 8. O-O-O Nc6 9. f3 Nxd4 10. Qxd4 a6 11. h4 b5 12. Qd2 b4 13. Nd5 Nxd5 14. exd5 Bf6 15. Kb1 b3 16. cxb3 a5 17. a4 Ba6 18. Ka2 Qb8 19. Bxa6 Rxa6 20. Rhe1 Bxh4 21. Rxe8+ Qxe8 22. Rh1 Qd8 23. g3 g5 24. Be3 Bxg3 25. Qd3 Ra8 26. Qxh7+ 1-0


[Site "https://www.chess.com"]

[Event "Titled Tuesday Blitz August 17 2021"]
[White "Denishev, Marat"]
[Black "Navalgund, Niranjan"]
[WhiteFideId "24131563"]
[BlackFideId "5030854"]
[WhiteElo "2132"]
[BlackElo "2290"]
[Result "1-0"]
[Round "07"]
[TimeControl "180+1"]
[Date "2021.08.18"]
[WhiteClock "0:00:10"]
[BlackClock "0:00:13"]

1. e4 e5 2. Nf3 Nc6 3. Bc4 Nf6 4. Ng5 d5 5. exd5 Na5 6. Bb5+ c6 7. dxc6 bxc6 8. Bd3 Nd5 9. Ne4 f5 10. Nec3 Nf4 11. Bf1 Bc5 12. d3 O-O 13. g3 Ng6 14. Bg2 f4 15. Ne4 Bb6 16. Nbc3 f3 17. Bxf3 Bh3 18. Qe2 Qd7 19. Be3 Rxf3 20. Bxb6 axb6 21. Qxf3 Rf8 22. Qe3 Bg4 23. Qxb6 Bf3 24. Rg1 Nb7 25. Kd2 Nd6 26. Nxd6 Qxd6 27. Rae1 Rb8 28. Qe3 Bg4 29. Rb1 Rf8 30. Ne4 Qb4+ 31. c3 Qa4 32. Ra1 h6 33. Qc5 Rd8 34. Rge1 Qa6 35. Re3 Kh7 36. a4 Qb7 37. b4 Bf5 38. a5 Qf7 39. a6 Bxe4 40. Rxe4 Qf3 41. Qe3 Qf7 42. a7 Ra8 43. Kc2 Qd5 44. f4 exf4 45. gxf4 Qf5 46. Qd4 Qg4 47. Kb3 Qc8 48. Qc4 Qb7 49. f5 Nf8 50. Qc5 Nd7 51. Qd6 Rxa7 52. Rxa7 Qxa7 53. Qg6+ Kg8 54. Re8+ Nf8 55. Qe6+ Kh7 56. Rxf8 h5 57. Qg6# 1-0


[Site "https://www.chess.com"]

[Event "Titled Tuesday Blitz August 17 2021"]
[White "Devaev, Alexander"]
[Black "Shapiro, David"]
[WhiteFideId "4169395"]
[BlackFideId "24133523"]
[WhiteElo "2185"]
[BlackElo "2234"]
[Result "0-1"]
[Round "07"]
[TimeControl "180+1"]
[Date "2021.08.18"]
[WhiteClock "0:00:04"]
[BlackClock "0:00:26"]

1. d4 d5 2. c4 e6 3. cxd5 exd5 4. Nc3 c6 5. Nf3 Be7 6. Qc2 g6 7. Bf4 Bf5 8. Qc1 Nf6 9. e3 O-O 10. Be2 Nbd7 11. O-O Ne4 12. h3 Qa5 13. Nxe4 Bxe4 14. Nd2 Bf5 15. Nb3 Qb6 16. Bg4 Bxg4 17. hxg4 Nf6 18. f3 Rfe8 19. Qc2 a5 20. Rac1 a4 21. Nc5 Bxc5 22. dxc5 Qb5 23. Rfd1 Re6 24. Rd4 a3 25. b3 Nd7 26. Kf2 Ra5 27. b4 Ra8 28. Qc3 Ne5 29. Rxd5 Nxg4+ 30. fxg4 cxd5 31. Be5 Qc4 32. Qxc4 dxc4 33. Bd4 Re4 34. Kf3 f5 35. gxf5 gxf5 36. Rxc4 Ra4 37. g3 Kf7 38. Ke2 Ke6 39. Kd3 Kd5 40. Rc1 Rxb4 41. Rh1 Rbxd4+ 42. exd4 Rxd4+ 43. Kc3 Kxc5 44. Rxh7 Rg4 45. Rxb7 Rxg3+ 46. Kd2 Rg2+ 47. Kd3 Rxa2 48. Rf7 Rf2 49. Ke3 a2 50. Ra7 Rb2 51. Kf4 Kc4 52. Kxf5 Kc3 53. Ke4 Kc2 54. Ke3 Kb1 55. Kd3 a1=Q 0-1


[Site "https://www.chess.com"]